Construct Section Command Post
Selects Canadian Shock Battlegroup
Selects Canadian Shock Section
Construct Platoon Command Post
Selects Incendiary Munitions
6-pounder Anti-tank Gun Team
Construct Company Command Post
Selects Demolition Engineering
Selects Churchill Crocodile Heavy Tank
Churchill Crocodile Heavy Tank
Unlock Towed 17-pounder Anti-tank Guns
17-pounder Anti-tank Gun Team
17-pounder Anti-tank Gun Team